 Dungeon Crawl Stone Soup version 0.28-a0-563-gf77a47075d (webtiles) character file.

Game seed: 18042706474707968754

743 BR41ND34D the Magician (level 8, -2/58 HPs)
             Began as a Djinni Summoner on Sept 29, 2021.
             Shot with an arrow by a centaur (10 damage)
             ... on level 5 of the Dungeon.
             The game lasted 00:30:19 (4880 turns).

BR41ND34D the Magician (Djinni Summoner)            Turns: 4880, Time: 00:30:19

Health: -2/58      AC:  5    Str:  7    XL:     8   Next: 5%
Gold:   50         EV: 14    Int: 19    God:
                   SH:  0    Dex: 14

rFire   + + +      SeeInvis .   g - +2 dagger (venom)
rCold   x . .      Faith    .   (no shield)
rNeg    . . .      Spirit   .   d - +0 robe
rPois   ∞          Reflect  .   (no helmet)
rElec   .          Harm     .   j - +1 cloak
rCorr   .          Rampage  .   o - +0 pair of gloves
Will    .....                   (boots unavailable)
Stlth   ++........              (no amulet)
HPRegen 0.19/turn               s - ring of protection from fire
MPRegen 0.00/turn               (no ring)

@: flying
A: sickness immunity, fire resistance 2, cold vulnerability 1, float, innate
caster, hp casting, extra vitality 1
a: no special abilities


You were on level 5 of the Dungeon.
You visited 1 branch of the dungeon, and saw 5 of its levels.

You collected 135 gold pieces.
You spent 85 gold pieces at shops.

Inventory:

Hand Weapons
 g - a +2 dagger of venom (weapon)
 i - a +4 quarterstaff of chaos
 l - a +2 dagger of holy wrath
Missiles
 a - 6 atropa-tipped darts
 b - 15 poisoned darts (quivered)
 p - 3 boomerangs
Armour
 d - a +0 robe (worn)
 j - a +1 cloak (worn)
 o - a +0 pair of gloves (worn)
Jewellery
 s - a ring of protection from fire (left hand)
Scrolls
 f - a scroll of fog {unknown}
 h - a scroll of magic mapping {unknown}
 k - a scroll of enchant weapon {unknown}
 m - a scroll of fear {unknown}
 q - 3 scrolls of identify
 r - a scroll of immolation {unknown}
 t - 2 scrolls of enchant armour {unknown}
 u - 2 scrolls of noise {unknown}
 v - a scroll of acquirement {unknown}
 y - a scroll of teleportation {unknown}
Potions
 c - a potion of cancellation {unknown}
 e - 2 potions of curing {unknown}
 n - a potion of invisibility {unknown}
 w - a potion of mutation {unknown}
 x - a potion of magic {unknown}


   Skills:
 + Level 3.8 Fighting
 + Level 5.0 Dodging
 - Level 1.5 Stealth
 * Level 5.6 Spellcasting


You couldn't memorise any spells.
You knew the following spells:

 Your Spells              Type           Power      Damage    Failure   Level
a - Summon Small Mammal   Summ           100%       N/A       1%          1
b - Call Imp              Summ           26%        N/A       1%          2
c - Call Canine Familiar  Summ           26%        N/A       3%          3
d - Stone Arrow           Conj/Erth      52%        3d10      3%          3
e - Summon Lightning Spi  Summ/Air       26%        N/A       12%         4
f - Freeze                Ice            100%       1d11      1%          1
g - Ensorcelled Hibernat  Hex/Ice        52%        N/A       1%          2
h - Summon Guardian Gole  Hex/Summ       26%        N/A       3%          3
Your spell library was empty.

Dungeon Overview and Level Annotations

Branches:
Dungeon (5/15)
 Temple: D:4-7

Altars:
Fedhas
Uskayaw

Shops:
D:3 [   D:4 ?


Innate Abilities, Weirdness & Mutations

You are immune to sickness and miasma.
You are immune to poison.
Your flesh is very heat resistant. (rF++)
You are vulnerable to cold. (rC-)
You float through the air rather than walking.
You learn spells naturally, not from books.
Your magical power is your life essence.
You have superior vitality. (+4 HP)


Message History

The centaur closely misses you.
You hit the centaur but do no damage.
The centaur is poisoned.
The centaur barely misses you. x2; The quokka misses you.
The centaur hits you. The centaur kicks you.
Your lightning spire shoots out a bolt of lightning at the quokka!
The bolt of electricity misses the quokka.
You hit the quokka.
The quokka is poisoned.
The quokka is severely wounded.
You kill the quokka!
The centaur wields a +0 shortbow.
The centaur shoots an arrow.
The arrow hits you!
* * * LOW HITPOINT WARNING * * *
You hit the centaur but do no damage.
The centaur unwields a +0 shortbow.
The centaur hits you.
* * * LOW HITPOINT WARNING * * *
The centaur kicks you.
* * * LOW HITPOINT WARNING * * *
You closely miss the centaur.
The centaur is lightly wounded.
The centaur hits you but does no damage.
The centaur misses you.
You hit the centaur.
The centaur looks even sicker.
The centaur is moderately wounded.
The centaur closely misses you.
The centaur kicks you but does no damage.
A hound skeleton comes into view.
The centaur hits you.
* * * LOW HITPOINT WARNING * * *
The centaur kicks you but does no damage.
You hit the centaur but do no damage.
The centaur looks as sick as possible!
The centaur is moderately wounded.
The centaur hits you.
* * * LOW HITPOINT WARNING * * *
The centaur kicks you but does no damage.
The centaur wields a +0 shortbow.
The centaur shoots an arrow.
The arrow closely misses you.
The centaur shoots an arrow.
The arrow closely misses you.
The centaur shoots an arrow.
The arrow closely misses you.
The centaur shoots an arrow.
The arrow hits you!
You die...

# .# .## ... #.#
.. #.# ###.# n #.#
###@..# .. #.#
##..#### r.. #.#
#c### ##Sr .
#.#### ##.####hc
.[ #.##.## ##cS#.#
#...
#..h#.###§##Z##.r#
#.##h#.##8.....#
#.###.#..###...#
#.# #######...#.#


You could see a centaur (extremely poisoned).

Vanquished Creatures
  An ogre (D:4)
  A centaur (D:5)
  A scorpion (D:4)
  A howler monkey (D:4)
  A hound (D:5)
  3 adders
  2 river rats (D:5)
  5 orcs
  2 ball pythons
  A bat (D:2)
  An endoplasm (D:2)
  A giant cockroach (D:2)
  2 goblins (D:2)
  A hobgoblin (D:1)
  2 jackals
  2 quokkas (D:5)
  A frilled lizard (D:1)
  6 kobolds
  5 rats
39 creatures vanquished.

Vanquished Creatures (collateral kills)
  A phantom (D:3)
  An orc priest (D:3)
  A jelly (D:4)
  Crazy Yiuf (D:2)
  A centaur skeleton (D:4)
  An iguana (D:4)
  An orc wizard (D:4)
  A hound skeleton (D:4)
  6 adders
  A worm (D:2)
  A dart slug (D:4)
  6 orcs
  2 bats
  4 endoplasms
  4 goblins
  5 hobgoblins
  6 jackals
  2 quokkas
  5 ball pythons
  5 frilled lizards
  5 kobolds
  5 rats
65 creatures vanquished.

Grand Total: 104 creatures vanquished

Notes
Turn   | Place    | Note
-------+----------+-------------------------------------------
     0 | D:1      | BR41ND34D the Djinni Summoner began the quest for the Orb.
     0 | D:1      | Reached XP level 1. HP: 15/15 MP: 0/0
   486 | D:1      | Reached XP level 2. HP: 20/22 MP: 0/0
   915 | D:1      | Reached skill level 1 in Fighting
   915 | D:1      | Reached XP level 3. HP: 24/27 MP: 0/0
   915 | D:1      | Learned a level 1 spell: Freeze
  1203 | D:1      | Found a faded altar of an unknown god.
  1685 | D:2      | Reached XP level 4. HP: 24/32 MP: 0/0
  1907 | D:2      | Found a runed translucent door.
  1908 | D:2      | Noticed Crazy Yiuf
  1931 | D:2      | Killed Crazy Yiuf
  2810 | D:3      | Reached XP level 5. HP: 37/38 MP: 0/0
  2810 | D:3      | Learned a level 2 spell: Ensorcelled Hibernation
  3078 | D:3      | Got the Compendium of Mutagenic Combat Magic
  3202 | D:3      | Noticed a phantom
  3217 | D:3      | Killed a phantom
  3218 | D:3      | Reached XP level 6. HP: 43/45 MP: 0/0
  3234 | D:3      | Found Lodgh's Armour Shop.
  3238 | D:3      | Bought a +0 pair of gloves for 63 gold pieces
  3643 | D:4      | Found Googhac's Magic Scroll Shoppe.
  3672 | D:4      | Bought a scroll of identify for 22 gold pieces
  3817 | D:4      | Noticed a +0 dagger
  3817 | D:4      | Noticed a +0 falchion
  3817 | D:4      | Noticed a +0 dagger
  3817 | D:4      | Noticed a +0 falchion
  3817 | D:4      | Noticed a +0 spear
  3819 | D:4      | Noticed a +0 spear
  3820 | D:4      | Noticed a +0 short sword
  3821 | D:4      | Noticed a +0 short sword
  3831 | D:4      | Reached XP level 7. HP: 44/50 MP: 0/0
  3831 | D:4      | Learned a level 3 spell: Stone Arrow
  3844 | D:4      | Reached skill level 5 in Spellcasting
  4102 | D:4      | Found a hide-covered altar of Uskayaw.
  4279 | D:4      | Found a blossoming altar of Fedhas.
  4475 | D:5      | Entered Level 5 of the Dungeon
  4702 | D:5      | Reached XP level 8. HP: 38/58 MP: 0/0
  4850 | D:5      | Reached skill level 5 in Dodging
  4880 | D:5      | Shot with an arrow by a centaur

Illustrated notes

Levels and vault maps discovered:
D:1:      lightli_arrival_isolated_outpost, layout_loops_ring,
          dreamdust_ecumenical_altar_angels_and_demons, minmay_tetromino_t4
D:2:      layout_loops_ring, uniq_crazy_yiuf_cottage
D:3:      layout_loops_ring, serial_shops, shop, grunt_decor_fettered,
          grunt_ministairs_8, kennysheep_another_room, hex_tiny,
          kennysheep_cross_bottleneck
D:4:      layout_basic, marbit_many_paths, nicolae_uskayaw_en_pointe,
          serial_shops, shop_fountains
D:5:      lemuel_ratsnest, layout_basic,
          nicolae_gozag_cash_rules_everything_around_me,
          minmay_temple_entry_statues_fountains

Skill      XL: |  1  2  3  4  5  6  7  8 |
---------------+-------------------------+-----
Fighting       | 1 2 3 |  3.8
Dodging        | 3 4 5 |  5.0
Spellcasting   | 4 5 |  5.6
Stealth        | |  1.5

Action                   |  1- 3 |  4- 6 |  7- 9 || total
-------------------------+-------+-------+-------++-------
Melee: Short sword       |    19 |       |       ||    19
       Unarmed           |     3 |       |       ||     3
       Dagger            |    12 |    44 |    57 ||   113
Throw: Dart              |     1 |     5 |       ||     6
 Cast: Summon Small Mamm |    12 |     4 |       ||    16
       Call Imp          |     9 |     4 |     2 ||    15
       Call Canine Famil |     1 |    14 |     8 ||    23
       Freeze            |       |     2 |       ||     2
       Stone Arrow       |       |       |     2 ||     2
       Summon Lightning  |       |       |     1 ||     1
 Stab: Sleeping          |       |     1 |     1 ||     2
       Distracted        |       |     1 |       ||     1
Armor: Robe              |    10 |    16 |    14 ||    40
Dodge: Dodged            |    33 |    26 |    59 ||   118

Table legend: (Time is in decaauts)
 A = Elapsed time spent in this place.
 B = Non-inter-level travel time spent in this place.
 C = Inter-level travel time spent in this place.
 D = Time resting spent in this place.
 E = Time spent auto-exploring this place.
 F = Levels seen in this place.
 G = Mean time per level.
                   A        B        C        D        E       F      G
               +--------+--------+--------+--------+--------+-----+--------+
         Total |   4887 |   4677 |    210 |    975 |   2592 |   5 |  977.4 |
       Dungeon |   4887 |   4677 |    210 |    975 |   2592 |   5 |  977.4 |
               +--------+--------+--------+--------+--------+-----+--------+

Top non-repeatable levels by time:
     D:1: 1448 daAuts
     D:2: 1273 daAuts
     D:3: 929 daAuts
     D:4: 831 daAuts
     D:5: 404 daAuts
